 Dungeon Sprint DCSS version 0.31-a0-460-g9e667d4245 (webtiles) character file.

Game seed: 13231881016886124179

277 rocky1 the Grappler (level 6, -9/39 HPs)
             Began as an Octopode Shapeshifter on Aug 5, 2023.
             Was an Initiate of Gozag.
             Mangled by a hornet (14 damage)
             ... while paralysed by a hornet
             ... in the Dungeon (Sprint IX: "|||||||||||||||||||||||||||||").
             The game lasted 00:00:44 (446 turns).

rocky1 the Grappler (Octopode Shapeshifter)          Turns: 446, Time: 00:00:44

Health: -9/39      AC:  1    Str: 14    XL:     6   Next: 25%
Magic:  6/6        EV:  2    Int: 16    God:    Gozag
Gold:   0          SH:  0    Dex: 15    Spells: 5/5 levels left

rFire   . .          .
                       - Unarmed
rCold   . . .        (no shield)
rNeg    . . .        (helmet currently unavailable)
rPois   .            (no amulet)
rElec   .            l - +3 ring of dexterity
rCorr   .            k - +3 ring of intelligence
SInv    .            (no ring)
Will    .....        (no ring)
Stlth   ++           (no ring)
HPRegen 0.26/turn    (no ring)
MPRegen 0.10/turn    (no ring)
                     (no ring)

%: no teleportation
@: paralysed, lethally poisoned (-9 -> -16), beast-form, gold aura, hasted and
slowed
A: beast (slay +5), almost no armour, amphibious, 8 rings, camouflage 1,
gelatinous body 1, (nimble swimmer 1), tentacles
a: Begin Untransformation, Renounce Religion, Potion Petition, Call Merchant,
Bribe Branch


You were in the Dungeon.
You worshipped Gozag.
Gozag was noncommittal.
You were a hulking beast.
You visited 1 branch

Inventory:

Jewellery
 k - a +3 ring of intelligence (right tentacle)
 l - a +3 ring of dexterity (left tentacle)
Talismans
 b - a beast talisman (active)
Wands
 j - a wand of roots (10)
Scrolls
 h - 2 scrolls of blinking
 i - 2 scrolls of amnesia
Potions
 a - a potion of lignification
 c - 5 potions of curing
 d - 3 potions of heal wounds
 f - 4 potions of magic
 g - a potion of invisibility


   Skills:
 + Level 1.6 Fighting
 + Level 3.8 Dodging
 + Level 0.1 Stealth
 * Level 9.6 Unarmed Combat
 + Level 7.3 Shapeshifting


You had 5 spell levels left.
You didn't know any spells.
Your spell library was empty.

Dungeon Overview and Level Annotations

Branches:
Dungeon (1/1)

Altars:
Cheibriados
Dithmenos
Elyvilon
Fedhas
Gozag
Hepliaklqana
Kikubaaqudgha
Makhleb
Nemelex Xobeh
Okawaru
Qazlal
Ru
Sif Muna
Trog
Uskayaw
Vehumet
Wu Jian
Xom
Yredelemnul
Zin
The Shining One
Jiyva
Lugonu


Innate Abilities, Weirdness & Mutations

You are a hulking beast.
Your limbs bulge with bestial killing power. (Slay +5)
You cannot wear most types of armour.
You are amphibious.
You can wear up to eight rings at the same time.
Your skin changes colour to match your surroundings (Stealth+).
Your rubbery body absorbs attacks. (AC +1, EV +1)
((You are camouflaged when in or above water. (Stealth+)))
You have tentacles for arms and can constrict up to eight enemies at once.


Message History

Found a +3 ring of dexterity.
i - 2 scrolls of amnesia;
h - 2 scrolls of blinking (gained 1)
j - a wand of roots (10)
Items here: )))))).
You see here a +0 pair of gloves.
You see here a +0 helmet.
You see here a +2 ring mail.
k - a +3 ring of intelligence
l - a +3 ring of dexterity You feel agile.
l - a +3 ring of dexterity (left tentacle)
You feel clever.
k - a +3 ring of intelligence (right tentacle) Unknown command.
As you open the door, it creaks loudly! 2 orcs, a hornet, a yak and 2 wyverns come into view.
The hornet buzzes angrily.
The wyvern hisses angrily. x2
The orc wizard shouts!
The orc warrior shouts!
The yak bellows!
You feel yourself speed up.
The orc wizard hits you but does no damage.
Unknown command.
You bludgeon the orc wizard! Your grab misses the orc wizard.
You squeeze the orc wizard.
You kill the orc wizard!
The orc warrior jeers noisily, as Orcs often do.
You bludgeon the hornet! You grab the hornet.
You squeeze the hornet, but do no damage.
The hornet is moderately wounded.
You constrict the hornet. The hornet stings you.
You suddenly lose the ability to move!
You lose your grip on the hornet.
The hornet stings you!
You are poisoned.
You feel yourself slow down.
You feel very sick. The hornet stings you!
* * * LOW HITPOINT WARNING * * *
You feel as though you will be slow longer.
The hornet stings you!
You die...
Your body crumbles into a pile of gold. $$$$$$ $$$$$ $ $ $ $$$$$ $ $$ $ ▓▓▓▓▓▓▓▓▓▓▓▓▓▓▓▓▓▓▓▓▓▓▓▓ _______'..).[[[.hyYlol.. ▓▓▓▓▓▓▓▓▓▓▓▓▓▓▓▓▓▓▓▓▓▓▓▓

You could see a yak, a hornet, an orc warrior and 2 wyverns.

Vanquished Creatures
  A black bear (D)
  2 scorpions (D)
  2 orc wizards (D)
  A gnoll (D)
  2 hobgoblins (D)
  3 rats (D)
11 creatures vanquished.

Notes
Turn   | Place    | Note
-------+----------+-------------------------------------------
     0 | D        | rocky1 the Octopode Shapeshifter began the quest for the
                  | Orb.
     0 | D        | Reached XP level 1. HP: 13/13 MP: 1/1
    17 | D        | Noticed a scorpion
    17 | D        | Noticed a black bear
    17 | D        | Noticed a scorpion
    17 | D        | Noticed an orc wizard
    22 | D        | Killed a scorpion
    23 | D        | Reached skill level 6 in Unarmed Combat
    23 | D        | Reached skill level 5 in Shapeshifting
    23 | D        | Reached XP level 2. HP: 16/18 MP: 2/2
    23 | D        | Reached XP level 3. HP: 20/23 MP: 3/3
    23 | D        | Reached XP level 4. HP: 25/28 MP: 4/4
    24 | D        | Killed a black bear
    25 | D        | Reached skill level 8 in Unarmed Combat
    25 | D        | Reached XP level 5. HP: 29/33 MP: 5/5
    26 | D        | Reached skill level 9 in Unarmed Combat
    29 | D        | Reached XP level 6. HP: 24/38 MP: 6/6
   396 | D        | Found a snail-covered altar of Cheibriados.
   396 | D        | Found a shadowy altar of Dithmenos.
   396 | D        | Found a white marble altar of Elyvilon.
   396 | D        | Found a blossoming altar of Fedhas.
   396 | D        | Found an opulent altar of Gozag.
   397 | D        | Found a hazy altar of Hepliaklqana.
   398 | D        | Found a viscous altar of Jiyva.
   399 | D        | Found an ancient bone altar of Kikubaaqudgha.
   400 | D        | Found a corrupted altar of Lugonu.
   401 | D        | Found a burning altar of Makhleb.
   402 | D        | Found a sparkling altar of Nemelex Xobeh.
   403 | D        | Found an iron altar of Okawaru.
   404 | D        | Became a worshipper of Gozag Ym Sagoz the Greedy
   405 | D        | Found a stormy altar of Qazlal.
   406 | D        | Found a sacrificial altar of Ru.
   407 | D        | Found a shimmering blue altar of Sif Muna.
   408 | D        | Found a bloodstained altar of Trog.
   409 | D        | Found a hide-covered altar of Uskayaw.
   410 | D        | Found a radiant altar of Vehumet.
   411 | D        | Found an ornate altar of the Wu Jian Council.
   412 | D        | Found a shimmering altar of Xom.
   413 | D        | Found a basalt altar of Yredelemnul.
   414 | D        | Found a glowing silver altar of Zin.
   415 | D        | Found a glowing golden altar of the Shining One.
   441 | D        | Noticed a hornet
   441 | D        | Noticed a yak
   441 | D        | Noticed a wyvern
   441 | D        | Noticed an orc warrior
   441 | D        | Noticed a wyvern
   444 | D        | Paralysed by a hornet for 3 turns
   446 | D        | Mangled by a hornet

Illustrated notes

Levels and vault maps discovered:
D:        linesprint [early_d, line_temple, items_1, d_10, items_2, lair_1,
          lair_end, items_3, orc_1, orc_end, items_4, d_15, swamp_1, shoals_1,
          snake_1, spider_1, d_20, vaults_1, items_5, swamp_end, shoals_end,
          snake_end, spider_end, vaults_end, d_27, items_6, zot_1, zot_end,
          crypt_end, forest_end, elf_end, slime_end, tomb_end, abyss_end,
          pan_hell_end]

Skill      XL: |  1  2  3  4  5 |
---------------+----------------+-----
Unarmed Combat | 6 8 9 |  9.6
Shapeshifting  | 5 6 7 |  7.3
Dodging        | 3 |  3.8
Fighting       | |  1.6
Stealth        | |  0.1

Action                     |  1- 3 |  4- 6 || total
---------------------------+-------+-------++-------
  Melee: Unarmed           |    11 |     7 ||    18
         Constrict         |     4 |     3 ||     7
         Tentacles         |     2 |     4 ||     6
         Punch             |       |     1 ||     1
    Use: Potion            |     1 |     1 ||     2
 Armour: Skin              |       |     1 ||     1
  Dodge: Dodged            |     5 |       ||     5

Table legend: (Time is in decaauts)
 A = Elapsed time spent in this place.
 B = Non-inter-level travel time spent in this place.
 C = Inter-level travel time spent in this place.
 D = Time resting spent in this place.
 E = Time spent auto-exploring this place.
 F = Levels seen in this place.
 G = Mean time per level.
                   A        B        C        D        E       F      G
               +--------+--------+--------+--------+--------+-----+--------+
         Total |    453 |    453 |      0 |    375 |      0 |   1 |  453.0 |
       Dungeon |    453 |    453 |      0 |    375 |      0 |   1 |  453.0 |
               +--------+--------+--------+--------+--------+-----+--------+

Top non-repeatable levels by time:
       D: 453 daAuts
